 Dungeon Crawl Stone Soup version 0.31-a0-151-ge443d1f16c (webtiles) character file.

Game seed: 17646593429991443925

22069 qw the Marksgargoyle (level 12, -2/84 HPs)
             Began as a Gargoyle Hunter on June 8, 2023.
             Was a High Priest of Okawaru.
             Slain by a jumping spider (13 damage)
             ... on level 2 of the Lair of Beasts.
             The game lasted 00:06:46 (12141 turns).

qw the Marksgargoyle (Gargoyle Hunter)             Turns: 12141, Time: 00:06:46

Health: -2/84      AC: 21    Str: 16    XL:     12   Next: 96%
Magic:  19/19      EV: 11    Int: 10    God:    Okawaru [*****.]
Gold:   226        SH:  0    Dex: 24    Spells: 11/11 levels left

rFire   + + +        Y - +1 orcbow (drain)
rCold   + + .        (shield currently unavailable)
rNeg    + . .        w - +0 leather armour of Righ {rC+ Dex+4 Stlth-}
rPois   inf          o - +1 helmet
rElec   +            b - +0 cloak {Stlth+}
rCorr   .            x - +0 pair of gloves
SInv    .            k - +2 pair of boots
Will    .....        q - amulet of the acrobat
Stlth   ++++         a - ring of Mammo Yteadgh {rF+ Dex+3}
HPRegen 0.34/turn    h - ring of protection from fire
MPRegen 0.16/turn

%: acrobat
@: heroic, held
A: sickness immunity, AC +8, negative energy resistance 1, electricity
resistance, torment resistance 1, petrification resistance, cold resistance 1,
deterioration 1, fire resistance 1, robust 1
a: Renounce Religion, Heroism, Finesse, Duel


You were on level 2 of the Lair of Beasts.
You worshipped Okawaru.
Okawaru was extremely pleased with you.
You visited 2 branches of the dungeon, and saw 13 of its levels.
You also visited: Ossuary.

You collected 764 gold pieces.
You spent 538 gold pieces at shops.


Innate Abilities, Weirdness & Mutations

You are immune to sickness and miasma.
Your stone body is resilient. (AC +8)
You are immune to poison.
You resist negative energy. (rN+)
You are resistant to electric shocks. (rElec)
You are resistant to unholy torment.
You are immune to petrification.
Your flesh is cold resistant. (rC+)
Your body sometimes deteriorates upon taking damage.
Your flesh is heat resistant. (rF+)
You are robust. (+10% HP)


   Skills:
 - Level 10.0(15.0) Fighting
 + Level 15.3(20.3) Ranged Weapons
 - Level 5.0(10.0) Armour
 - Level 6.0(11.0) Dodging
 - Level 1.1(6.1) Stealth
 - Level 10.0 Invocations


You had 11 spell levels left.
You didn't know any spells.
Your spell library was empty.

Inventory:

Hand Weapons
 g - a +1 shortbow of flaming
 Y - a +1 orcbow of draining (weapon)
Armour
 b - a +0 cloak of stealth (worn)
 f - a +0 troll leather armour
 k - a +2 pair of boots (worn)
 o - a +1 helmet (worn)
 r - a +1 robe of fire resistance
 w - the +0 leather armour of Righ (worn) {rC+ Dex+4 Stlth-}
   (You found it on level 8 of the Dungeon)

   Dex:       It affects your dexterity (+4).
   rC:        It protects you from cold.
   Stlth:     It makes you less stealthy.
 x - a +0 pair of gloves (worn)
Jewellery
 a - the ring of Mammo Yteadgh (left hand) {rF+ Dex+3}
   (You found it on level 4 of the Dungeon)

   [ring of protection from fire]

   Dex:       It affects your dexterity (+3).
   rF:        It protects you from fire.
 h - a ring of protection from fire (right hand)
 n - a ring of positive energy
 q - an amulet of the acrobat (around neck)
 s - a ring of ice
Wands
 d - a wand of digging (10)
Scrolls
 e - 6 scrolls of teleportation
 i - 5 scrolls of identify
Potions
 c - 2 potions of haste
 j - 14 potions of curing
 l - 2 potions of cancellation
 m - 2 potions of resistance
 p - 6 potions of heal wounds
 t - a potion of magic
 u - 3 potions of mutation

Dungeon Overview and Level Annotations

Branches:
Dungeon (11/15)            Temple (0/1) D:4            Lair (2/5) D:11
  Swamp (0/4) Lair:2      Ossuary (visited)
  Snake: Lair:2-3    Spider: Lair:2-3       Orc: D:9-12

Altars:
Ashenzari
Elyvilon
Fedhas
Makhleb
Okawaru
Qazlal
Ru
Sif Muna
Xom
Yredelemnul
Zin

Shops:
D:4 *   D:9 (!

Annotations:
D:6 1 runed translucent door, Crazy Yiuf


Message History

The culicivora closely misses you. The jumping spider misses you.
The jumping spider closely misses you.
You shoot an arrow. The arrow misses the culicivora.
The jumping spider closely misses you.
The jumping spider bites you but does no damage.
The culicivora bites you.
The jumping spider leaps! x2
You shoot an arrow. The arrow barely misses the culicivora.
The jumping spider completely misses you. x2
The culicivora closely misses you.
The jumping spider completely misses you.
The jumping spider bites you but does no damage.
The jumping spider closely misses you. The jumping spider bites you.
You shoot an arrow. The arrow hits the culicivora!!
You kill the culicivora!
Okawaru accepts your kill.
The jumping spider leaps!
The jumping spider misses you. x2
The jumping spider closely misses you. x2
You shoot an arrow.
The arrow barely misses the jumping spider.
The jumping spider leaps!
The jumping spider pounces on you. The jumping spider closely misses you.
The jumping spider pounces on you! The jumping spider closely misses you.
You shoot an arrow. The arrow hits the jumping spider!
You drain the jumping spider.
The jumping spider is severely wounded.
The jumping spider leaps!
The jumping spider completely misses you.
The jumping spider bites you but does no damage.
You shoot an arrow.
The arrow hits the jumping spider but does no damage.
You drain the jumping spider.
The jumping spider is lightly wounded.
The jumping spider pounces on you!
You are caught in a web!
The jumping spider bites you but does no damage.
The jumping spider leaps!
You struggle to detach yourself from the web.
The jumping spider pounces on you!
The jumping spider bites you but does no damage.
The jumping spider pounces on you!
You die...

.# # #.#.# .#0#.# #.#.#.#
#### #.#... ##..# ... ##
#..s. #..## ..##
...####...######.#.#
#..##.......>0s@..##..###
##...#.........ss...#..##
#P..#...........0...#...#
#.....................##
#P....................#
##.........(....[...#..#
#......................#
..%.%..................#
..#.##................##


You could see 4 jumping spiders.

Vanquished Creatures
  A two-headed ogre (D:11)
  4 death yaks (Lair:1)
  A boulder beetle (D:11)
  A bog body (Lair:2)
  Pikel (D:3)
  An elephant (D:11)
  A black mamba (Lair:1)
  3 slime creatures (D:10)
  5 cane toads
  A kobold demonologist (D:7)
  An unseen horror (D:10)
  2 polar bears
  3 trolls (D:11)
  A hornet (Lair:1)
  A jumping spider (Lair:2)
  2 culicivoras (Lair:2)
  35 yaks
  A shadow (D:9)
  3 wyverns
  3 wraiths
  Eustachio (D:5)
  3 basilisks
  A steam dragon (D:8)
  3 vampire mosquitoes (D:10)
  A redback (Lair:2)
  Duvessa (D:6)
  3 water moccasins
  2 orc warriors (D:11)
  2 ice beasts (D:7)
  A sky beast (D:7)
  3 black bears
  10 wolves
  An ogre (D:5)
  2 lemures (D:3)
  5 centaurs
  2 phantoms
  3 kobold brigands
  4 bullfrogs
  2 gnoll sergeants
  A scorpion (D:5)
  11 wights
  Dowan (D:6)
  6 killer bees
  A howler monkey (D:5)
  A centaur zombie (Ossuary)
  6 orc priests
  9 hounds
  Natasha (D:2)
  4 iguanas
  8 orc wizards
  4 ogre zombies (Ossuary)
  7 mummies (Ossuary)
  Robin (D:2)
  21 gnolls
  9 adders
  A shadow imp (D:7)
  A white imp (D:6)
  3 adder zombies (Ossuary)
  3 worms
  6 dart slugs
  37 orcs
  6 bats
  7 endoplasms
  5 giant cockroaches
  2 gnoll zombies (Ossuary)
  10 goblins
  7 hobgoblins
  15 jackals
  A quokka (D:5)
  9 ball pythons
  5 frilled lizards
  3 goblin zombies (Ossuary)
  6 hobgoblin zombies (Ossuary)
  11 kobolds
  5 kobold zombies (Ossuary)
  2 quokka zombies (Ossuary)
  7 rats
  4 rat zombies (Ossuary)
368 creatures vanquished.

Notes
Turn   | Place    | Note
-------+----------+-------------------------------------------
     0 | D:1      | qw the Gargoyle Hunter began the quest for the Orb.
     0 | D:1      | Reached XP level 1. HP: 12/12 MP: 1/1
     0 | D:1      | 0 ||| qw: Version: 0.2-a-120-gdf1a93b
     0 | D:1      | 0 ||| qw: Game counter: 3048
     0 | D:1      | 0 ||| qw: Always use a shield: true
     0 | D:1      | 0 ||| qw: God list: Okawaru
     0 | D:1      | 0 ||| qw: Allow faded altars: false
     0 | D:1      | 0 ||| qw: Do Orc after D:15 true
     0 | D:1      | 0 ||| qw: Do second Lair branch before Depths: true
     0 | D:1      | 0 ||| qw: Lair rune preference: random
     0 | D:1      | 0 ||| qw: Plans: Normal
     0 | D:1      | 0 ||| PLANNING D:1-11
   182 | D:1      | Found a faded altar of an unknown god.
   285 | D:1      | Reached XP level 2. HP: 14/17 MP: 2/2
   715 | D:1      | 715 ||| UPGRADING to +0 ring mail.
   725 | D:1      | 725 ||| DROPPING +0 leather armour.
   726 | D:1      | 726 ||| UPGRADING to ring of protection from fire.
   727 | D:1      | 727 ||| READING scroll labelled CASTRE HINYTZ.
   728 | D:1      | 728 ||| READING scroll labelled PASO HUDESHU.
   729 | D:1      | 729 ||| READING scroll labelled LEHESKIDONN.
   730 | D:1      | 730 ||| DROPPING scroll of butterflies.
   809 | D:2      | Reached skill level 1 in Armour
   809 | D:2      | Reached XP level 3. HP: 7/21 MP: 3/3
   877 | D:2      | Reached skill level 5 in Ranged Weapons
   964 | D:2      | Reached XP level 4. HP: 27/27 MP: 4/4
   993 | D:2      | Noticed Natasha
   998 | D:2      | Killed Natasha
   999 | D:2      | Reached skill level 3 in Fighting
  1113 | D:2      | Noticed Robin
  1140 | D:2      | Killed Robin
  1141 | D:2      | Reached XP level 5. HP: 27/32 MP: 5/5
  1782 | D:2      | 1782 ||| UPGRADING to +0 pair of boots.
  1787 | D:2      | 1787 ||| UPGRADING to +0 helmet.
  1792 | D:2      | 1792 ||| UPGRADING to ring of positive energy.
  1793 | D:2      | 1793 ||| DRINKING 2 red potions.
  1794 | D:2      | 1794 ||| DROPPING potion of brilliance.
  1834 | D:3      | Reached skill level 6 in Ranged Weapons
  1879 | D:3      | 1879 ||| SWAPPING to +0 shortbow of flaming.
  1880 | D:3      | 1880 ||| DROPPING +0 shortbow.
  1979 | D:3      | Found a blossoming altar of Fedhas.
  2197 | D:3      | Found an iron altar of Okawaru.
  2198 | D:3      | 2198 ||| PLANNING OKAWARU WORSHIP
  2198 | D:3      | 2198 ||| UPGRADING to amulet of the acrobat.
  2203 | D:3      | 2203 ||| READING scroll labelled REEKA NESETEN.
  2204 | D:3      | 2204 ||| READING 2 scrolls labelled MAKKOES SAXINY.
  2205 | D:3      | 2205 ||| READING scroll labelled WUMNEI NEYREUS.
  2209 | D:3      | 2209 ||| READING scroll labelled SYGASO URUTZ.
  2310 | D:3      | 2310 ||| READING scroll labelled DAICHU CILUPH.
  2311 | D:3      | 2311 ||| READING scroll labelled HUCHUSCHO UPTA.
  2332 | D:3      | 2332 ||| DRINKING 2 smoky purple potions.
  2332 | D:3      | Gained mutation: You are agile. (Dex +4, Str/Int -1)
                  | [potion of mutation]
  2332 | D:3      | Gained mutation: You are frail. (-10% HP) [potion of
                  | mutation]
  2332 | D:3      | Gained mutation: You have large cloven feet. [potion of
                  | mutation]
  2333 | D:3      | 2333 ||| DRINKING potion of mutation.
  2333 | D:3      | Lost mutation: You are agile. (Dex +4, Str/Int -1) [potion
                  | of mutation]
  2333 | D:3      | Lost mutation: You have large cloven feet. [potion of
                  | mutation]
  2333 | D:3      | Lost mutation: You are frail. (-10% HP) [potion of
                  | mutation]
  2333 | D:3      | Gained mutation: Your flesh is cold resistant. (rC+)
                  | [potion of mutation]
  2333 | D:3      | Gained mutation: You are robust. (+10% HP) [potion of
                  | mutation]
  2333 | D:3      | Gained mutation: Your body sometimes deteriorates upon
                  | taking damage. [potion of mutation]
  2333 | D:3      | Gained mutation: Your flesh is heat resistant. (rF+)
                  | [potion of mutation]
  2359 | D:3      | 2359 ||| DROPPING scroll of magic mapping.
  2471 | D:3      | Reached XP level 6. HP: 40/41 MP: 6/6
  2476 | D:3      | Became a worshipper of Warmaster Okawaru
  2476 | D:3      | 2476 ||| PLANNING D:1-11
  2737 | D:4      | 2737 ||| STAIRDANCE
  2741 | D:4      | 2741 ||| STAIRDANCE
  2745 | D:4      | 2745 ||| STAIRDANCE
  2749 | D:4      | 2749 ||| STAIRDANCE
  2753 | D:4      | 2753 ||| STAIRDANCE
  2757 | D:4      | 2757 ||| STAIRDANCE
  2761 | D:4      | 2761 ||| STAIRDANCE
  2765 | D:4      | 2765 ||| STAIRDANCE
  2803 | D:4      | 2803 ||| STAIRDANCE
  2896 | D:4      | 2896 ||| STAIRDANCE
  2899 | D:4      | Noticed Pikel
  2900 | D:4      | 2900 ||| STAIRDANCE
  2904 | D:4      | 2904 ||| STAIRDANCE
  2919 | D:3      | Killed Pikel
  2919 | D:3      | Reached * piety under Okawaru
  2920 | D:3      | Reached skill level 8 in Ranged Weapons
  2920 | D:3      | Reached XP level 7. HP: 27/47 MP: 7/7
  2993 | D:4      | 2993 ||| STAIRDANCE
  2997 | D:4      | 2997 ||| STAIRDANCE
  3001 | D:4      | 3001 ||| STAIRDANCE
  3005 | D:4      | 3005 ||| STAIRDANCE
  3009 | D:4      | 3009 ||| STAIRDANCE
  3013 | D:4      | 3013 ||| STAIRDANCE
  3017 | D:4      | 3017 ||| STAIRDANCE
  3021 | D:4      | 3021 ||| STAIRDANCE
  3075 | D:4      | Identified the ring of Mammo Yteadgh {rF+ Dex+3}
  3094 | D:4      | Reached skill level 1 in Invocations
  3218 | D:4      | Found a staircase to the Ecumenical Temple.
  3371 | D:4      | Found Ytery's General Store.
  3387 | D:4      | 3387 ||| BUYING potion of cancellation (96 gold).
  3387 | D:4      | Bought a potion of cancellation for 96 gold pieces
  3387 | D:4      | 3387 ||| BUYING potion of curing (36 gold).
  3387 | D:4      | Bought a potion of curing for 36 gold pieces
  3387 | D:4      | 3387 ||| BUYING potion of resistance (120 gold).
  3387 | D:4      | Bought a potion of resistance for 120 gold pieces
  3387 | D:4      | 3387 ||| SHOPLISTING scroll of enchant weapon (90 gold,
                  | have 31).
  3408 | D:4      | 3408 ||| INVOKING Heroism.
  3413 | D:4      | Reached XP level 8. HP: 52/52 MP: 6/9
  3524 | D:4      | 3524 ||| UPGRADING to +2 pair of boots.
  3534 | D:4      | 3534 ||| DROPPING +0 pair of boots.
  3535 | D:4      | 3535 ||| UPGRADING to +1 helmet.
  3545 | D:4      | 3545 ||| DROPPING +0 helmet.
  3546 | D:4      | 3546 ||| UPGRADING to ring of Mammo Yteadgh {rF+ Dex+3}.
  3548 | D:4      | 3548 ||| UPGRADING to ring of protection from fire.
  3550 | D:4      | 3550 ||| READING scroll labelled SAOGIE MAFA.
  3551 | D:4      | 3551 ||| DRINKING 2 sedimented emerald potions.
  3552 | D:4      | 3552 ||| DRINKING 2 smoky cyan potions.
  3553 | D:4      | 3553 ||| DROPPING potion of attraction.
  3558 | D:3      | Found a glowing silver altar of Zin.
  3558 | D:3      | Found a broken altar of Ashenzari.
  3744 | D:5      | Entered Level 5 of the Dungeon
  3752 | D:5      | 3752 ||| STAIRDANCE
  3817 | D:5      | 3817 ||| INVOKING Heroism.
  3830 | D:5      | Reached skill level 3 in Invocations
  3845 | D:5      | 3845 ||| INVOKING Heroism.
  3920 | D:5      | Noticed Eustachio
  3921 | D:5      | 3921 ||| INVOKING Heroism.
  3929 | D:5      | Killed Eustachio
  4118 | D:5      | 4118 ||| Stepping ~*~*~tactically~*~*~ (outnumbered).
  4120 | D:5      | 4120 ||| Stepping ~*~*~tactically~*~*~ (outnumbered).
  4126 | D:5      | Reached ** piety under Okawaru
  4208 | D:5      | Reached skill level 9 in Ranged Weapons
  4217 | D:5      | 4217 ||| INVOKING Heroism.
  4238 | D:5      | 4238 ||| INVOKING Heroism.
  4245 | D:5      | Reached skill level 6 in Fighting
  4270 | D:5      | 4270 ||| INVOKING Heroism.
  4550 | D:5      | Identified the +0 scale mail "Gizivah" {-Cast Fly rPois
                  | rCorr}
  4666 | D:5      | Reached XP level 9. HP: 60/60 MP: 12/12
  4685 | D:5      | 4685 ||| INVOKING Heroism.
  4810 | D:5      | 4810 ||| INVOKING Heroism.
  4831 | D:5      | Reached skill level 10 in Ranged Weapons
  5118 | D:5      | 5118 ||| READING scroll labelled ROHOIW BASUMIG.
  5119 | D:5      | 5119 ||| READING 2 scrolls of identify.
  5119 | D:5      | 5119 ||| IDENTIFYING inky potion
  5120 | D:5      | 5120 ||| DROPPING potion of degeneration.
  5154 | D:6      | 5154 ||| PLANNING OSSUARY
  5174 | D:6      | Reached skill level 3 in Dodging
  5174 | D:6      | 5174 ||| INVOKING Heroism.
  5186 | D:6      | Noticed Duvessa
  5188 | D:6      | Noticed Dowan
  5200 | D:6      | 5200 ||| INVOKING Heroism.
  5203 | D:6      | Killed Duvessa
  5204 | D:6      | Reached skill level 3 in Armour
  5205 | D:6      | Killed Dowan
  5297 | D:6      | 5297 ||| Stepping ~*~*~tactically~*~*~ (outnumbered).
  5348 | D:6      | 5348 ||| SWAPPING to +0 orcbow.
  5657 | D:6      | Found a runed translucent door.
  5658 | D:6      | Noticed Crazy Yiuf
  5756 | D:6      | Found a sand-covered staircase.
  5757 | D:6      | 5757 ||| DRINKING 3 blue potions.
  5758 | D:6      | 5758 ||| DROPPING 2 potions of enlightenment.
  5768 | Ossuary  | Entered an ossuary
  6202 | Ossuary  | 6202 ||| READING scroll labelled TIYPTA VUEKAH.
  6202 | Ossuary  | Identified a scroll of acquirement
  6202 | Ossuary  | 6202 ||| ACQUIRING +0 cloak of stealth
  6202 | Ossuary  | Acquired a +0 cloak of stealth
  6204 | Ossuary  | 6204 ||| UPGRADING to +0 cloak of stealth.
  6209 | Ossuary  | 6209 ||| READING 3 scrolls of identify.
  6209 | Ossuary  | 6209 ||| IDENTIFYING fuming pink potion
  6210 | Ossuary  | 6210 ||| READING 2 scrolls of identify.
  6210 | Ossuary  | 6210 ||| IDENTIFYING white potion
  6211 | Ossuary  | 6211 ||| DROPPING potion of ambrosia.
  6212 | Ossuary  | 6212 ||| DROPPING potion of berserk rage.
  6221 | D:6      | 6221 ||| PLANNING D:1-11
  6354 | D:7      | 6354 ||| Stepping ~*~*~tactically~*~*~ (outnumbered).
  6356 | D:7      | 6356 ||| Stepping ~*~*~tactically~*~*~ (outnumbered).
  6358 | D:7      | 6358 ||| Stepping ~*~*~tactically~*~*~ (outnumbered).
  6360 | D:7      | 6360 ||| Stepping ~*~*~tactically~*~*~ (outnumbered).
  6362 | D:7      | 6362 ||| Stepping ~*~*~tactically~*~*~ (outnumbered).
  6366 | D:7      | 6366 ||| Stepping ~*~*~tactically~*~*~ (outnumbered).
  6608 | D:7      | Noticed a kobold demonologist
  6614 | D:7      | Killed a kobold demonologist
  6615 | D:7      | Reached skill level 11 in Ranged Weapons
  6632 | D:7      | Found a stormy altar of Qazlal.
  7041 | D:7      | 7041 ||| INVOKING Heroism.
  7045 | D:7      | 7045 ||| Stepping ~*~*~tactically~*~*~ (outnumbered).
  7071 | D:7      | Reached XP level 10. HP: 65/69 MP: 13/13
  7179 | D:7      | 7179 ||| DROPPING amulet of magic regeneration.
  7180 | D:7      | 7180 ||| DROPPING +6 ring of intelligence.
  7181 | D:7      | 7181 ||| DRINKING 2 fuming white potions.
  7310 | D:8      | 7310 ||| INVOKING Heroism.
  7331 | D:8      | 7331 ||| INVOKING Heroism.
  7422 | D:8      | 7422 ||| Stepping ~*~*~tactically~*~*~ (outnumbered).
  7424 | D:8      | 7424 ||| Stepping ~*~*~tactically~*~*~ (outnumbered).
  7426 | D:8      | 7426 ||| Stepping ~*~*~tactically~*~*~ (outnumbered).
  7697 | D:8      | Identified the +0 leather armour of Righ {rC+ Dex+4 Stlth-}
  7730 | D:8      | 7730 ||| UPGRADING to +0 steam dragon scales.
  7740 | D:8      | 7740 ||| DROPPING +0 ring mail.
  7741 | D:8      | 7741 ||| UPGRADING to +0 leather armour of Righ {rC+ Dex+4
                  | Stlth-}.
  7751 | D:8      | 7751 ||| DROPPING +0 steam dragon scales.
  7752 | D:8      | 7752 ||| DRINKING 2 fizzy puce potions.
  7783 | D:8      | 7783 ||| DROPPING potion of lignification.
  7798 | D:9      | Found Paurre Egai's Distillery.
  7805 | D:9      | 7805 ||| BUYING potion of curing (33 gold).
  7805 | D:9      | Bought a potion of curing for 33 gold pieces
  7805 | D:9      | 7805 ||| BUYING potion of haste (110 gold).
  7805 | D:9      | Bought a potion of haste for 110 gold pieces
  7805 | D:9      | 7805 ||| BUYING potion of heal wounds (55 gold).
  7805 | D:9      | Bought a potion of heal wounds for 55 gold pieces
  7805 | D:9      | 7805 ||| BUYING potion of mutation (88 gold).
  7805 | D:9      | Bought a potion of mutation for 88 gold pieces
  7815 | D:9      | Reached *** piety under Okawaru
  7851 | D:9      | Reached skill level 12 in Ranged Weapons
  8162 | D:9      | Found Xule Zoo's Antique Weapon Boutique.
  8249 | D:9      | Found a basalt altar of Yredelemnul.
  8409 | D:9      | Found a shimmering blue altar of Sif Muna.
  8536 | D:9      | 8536 ||| READING scroll labelled KUKLA CEUNI.
  8553 | D:10     | Entered Level 10 of the Dungeon
  8595 | D:10     | Reached **** piety under Okawaru
  8629 | D:10     | 8629 ||| INVOKING Heroism.
  8643 | D:10     | 8643 ||| FLEEEEING.
  8644 | D:10     | 8644 ||| FLEEEEING.
  8645 | D:10     | HP: 12/70 [something (9)]
  8646 | D:10     | 8646 ||| FLEEEEING.
  8647 | D:10     | 8647 ||| FLEEEEING.
  8648 | D:10     | 8648 ||| FLEEEEING.
  8649 | D:10     | 8649 ||| FLEEEEING.
  8650 | D:10     | 8650 ||| FLEEEEING.
  8651 | D:10     | 8651 ||| FLEEEEING.
  8652 | D:10     | 8652 ||| FLEEEEING.
  8653 | D:10     | 8653 ||| FLEEEEING.
  8654 | D:10     | 8654 ||| FLEEEEING.
  8654 | D:10     | HP: 11/70 [something (4)]
  8655 | D:10     | 8655 ||| FLEEEEING.
  8656 | D:10     | 8656 ||| FLEEEEING.
  8657 | D:10     | 8657 ||| FLEEEEING.
  8658 | D:10     | 8658 ||| FLEEEEING.
  8659 | D:10     | 8659 ||| FLEEEEING.
  8660 | D:10     | 8660 ||| FLEEEEING.
  8661 | D:10     | 8661 ||| STAIRDANCE
  8853 | D:10     | 8853 ||| Stepping randomly (disturbance).
  8854 | D:10     | 8854 ||| Stepping randomly (disturbance).
  8855 | D:10     | 8855 ||| Stepping randomly (disturbance).
  8875 | D:10     | Killed an unseen horror
  8958 | D:10     | Found a white marble altar of Elyvilon.
  9063 | D:10     | Found a sacrificial altar of Ru.
  9149 | D:10     | 9149 ||| READING 6 scrolls of teleportation.
  9150 | D:10     | 9150 ||| INVOKING Heroism.
  9220 | D:10     | Received a gift from Okawaru
  9221 | D:10     | Reached XP level 11. HP: 64/74 MP: 14/14
  9386 | D:10     | Found a shimmering altar of Xom.
  9421 | D:10     | 9421 ||| INVOKING Heroism.
  9422 | D:10     | 9422 ||| READING 5 scrolls of teleportation.
  9537 | D:10     | Reached skill level 13 in Ranged Weapons
  9547 | D:10     | Reached skill level 6 in Invocations
  9735 | D:11     | 9735 ||| INVOKING Heroism.
  9787 | D:11     | Reached skill level 9 in Fighting
  9800 | D:11     | 9800 ||| INVOKING Heroism.
  9811 | D:11     | 9811 ||| Stepping ~*~*~tactically~*~*~ (outnumbered).
  9844 | D:11     | Noticed a boulder beetle
  9848 | D:11     | 9848 ||| INVOKING Heroism.
  9855 | D:11     | Killed a boulder beetle
  9894 | D:11     | Noticed a two-headed ogre
  9895 | D:11     | 9895 ||| INVOKING Heroism.
  9900 | D:11     | Killed a two-headed ogre
  9937 | D:11     | Reached ***** piety under Okawaru
 10006 | D:11     | 10006 ||| INVOKING Heroism.
 10019 | D:11     | Identified the +1 scale mail of the Bulwark {-Cast rElec
                  | rC+} (Okawaru gifted it to you on level 11 of the Dungeon)
 10019 | D:11     | Received a gift from Okawaru
 10126 | D:11     | Found a staircase to the Lair.
 10166 | D:11     | Reached skill level 14 in Ranged Weapons
 10166 | D:11     | Reached skill level 9 in Invocations
 10166 | D:11     | Reached XP level 12. HP: 82/83 MP: 18/18
 10192 | D:11     | 10192 ||| READING scroll of enchant weapon.
 10192 | D:11     | 10192 ||| ENCHANTING +0 orcbow of draining.
 10461 | D:11     | 10461 ||| PLANNING LAIR
 10461 | D:11     | 10461 ||| UPGRADING to +0 pair of gloves.
 10466 | D:11     | 10466 ||| READING scroll labelled VISOZX PEILEITEORGH.
 10488 | Lair:1   | Entered Level 1 of the Lair of Beasts
 10504 | Lair:1   | Noticed a death yak
 10505 | Lair:1   | 10505 ||| INVOKING Heroism.
 10506 | Lair:1   | 10506 ||| INVOKING Finesse.
 10511 | Lair:1   | Noticed a death yak
 10517 | Lair:1   | Noticed a death yak
 10519 | Lair:1   | Killed a death yak
 10527 | Lair:1   | Killed a death yak
 10528 | Lair:1   | Noticed a death yak
 10539 | Lair:1   | Killed a death yak
 10547 | Lair:1   | Killed a death yak
 10609 | Lair:1   | Reached skill level 6 in Dodging
 10611 | Lair:1   | 10611 ||| INVOKING Heroism.
 11058 | Lair:1   | Found a glowing silver altar of Zin.
 11371 | Lair:2   | Found a staircase to the Swamp.
 11690 | Lair:2   | 11690 ||| INVOKING Heroism.
 11709 | Lair:2   | Found a burning altar of Makhleb.
 11832 | Lair:2   | Reached skill level 15 in Ranged Weapons
 11847 | Lair:2   | 11847 ||| INVOKING Heroism.
 12127 | Lair:2   | 12127 ||| INVOKING Heroism.
 12141 | Lair:2   | HP: 11/84 [jumping spider (12)]
 12141 | Lair:2   | Slain by a jumping spider

Levels and vault maps discovered:
D:1:      dpeg_arrival_tiny_i, layout_basic, shapermc_ecumenical_altar_rom_forum
D:2:      layout_basic, minmay_small_reverse_x, uniq_robin, uniq_natasha
D:3:      layout_loops_ring, lemuel_tele_altar, nicolae_overflow_hidden_temple,
          nicolae_underground_beach
D:4:      layout_loops_cross, minmay_temple_entry_statues_fountains,
          serial_shops, nicolae_shop_hallway_plus, minmay_misc_feat_chi,
          uniq_pikel
D:5:      lemuel_castle_with_subvaults [lemuel_castle_interior_carwin_2],
          layout_basic, st_stairs_12, uniq_eustachio
D:6:      layout_loops_ring, lightli_ossuary_entry_decrepit_ruins,
          uniq_crazy_yiuf_cottage, uniq_duvessa
D:7:      layout_basic, nicolae_qazlal_style_of_elements
D:8:      layout_basic
D:9:      layout_basic, tgw_sif, mainiacjoe_overflow_surrounded_room,
          serial_shops, nicolae_shop_stone, nicolae_shop_pleasant_corner_grove,
          minmay_quadrilaterals
D:10:     layout_roguey, hangedman_ru_absence, elyvilon_altar_3,
          mainiacjoe_overflow_paths, dreamdust_princess_corridor
D:11:     layout_cave_pools, david_lair_generic
Lair:1:   layout_cave_pods, basic_altar, serial_bayou_pond_e,
          serial_bayou_pond_d, minivault_25
Lair:2:   layout_cave_pods, skrybe_swamp_entry_bodies,
          nicolae_spider_entry_tight_spaces, basic_altar, uniq_maggie

Skill      XL: |  1  2  3  4  5  6  7  8  9 10 11 12 |
---------------+-------------------------------------+-----
Armour         | 1 2 4 5 |  5.0
Ranged Weapons | 5 6 8 9 11 12 14 15 | 15.3
Fighting       | 3 4 6 7 8 9 10 | 10.0
Invocations    | 2 4 9 10 | 10.0
Dodging        | 2 3 5 6 |  6.0
Stealth        | |  1.1

Action                     |  1- 3 |  4- 6 |  7- 9 | 10-12 || total
---------------------------+-------+-------+-------+-------++-------
   Fire: Shortbow          |    72 |   223 |   359 |       ||   654
         Orcbow            |       |       |   205 |   735 ||   940
 Invoke: Heroism           |       |       |    12 |    15 ||    27
         Finesse           |       |       |       |     1 ||     1
    Use: Scroll            |     3 |     6 |     6 |     5 ||    20
         Potion            |       |     3 |     3 |     2 ||     8
 Armour: Ring mail         |     5 |    63 |   148 |    48 ||   264
         Leather armour    |       |       |       |   138 ||   138
  Dodge: Dodged            |    13 |    81 |   163 |   348 ||   605

Table legend:
 A = Non-vault XP
 B = Vault XP
 C = Vault XP percentage of total XP
 D = Non-vault monster count
 E = Vault monster count
 F = Vault count percentage of total count
                 A         B        C        D         E       F
            +---------+---------+-------+---------+---------+-------
      Total |   26469 |    5059 |  16.0 |     245 |     121 |  33.1
            +---------+---------+-------+---------+---------+-------
        D:1 |      24 |       0 |   0.0 |      15 |       0 |   0.0
        D:2 |     138 |      78 |  36.1 |      27 |      15 |  35.7
        D:3 |     126 |     641 |  83.6 |      21 |       1 |   4.5
        D:4 |     258 |       2 |   0.8 |      14 |       1 |   6.7
        D:5 |     702 |     929 |  57.0 |      20 |      52 |  72.2
        D:6 |     271 |     226 |  45.5 |      11 |       2 |  15.4
        D:7 |    1327 |       0 |   0.0 |      17 |       0 |   0.0
        D:8 |    1235 |       0 |   0.0 |      11 |       0 |   0.0
        D:9 |    1104 |     335 |  23.3 |      13 |       4 |  23.5
       D:10 |    3557 |       0 |   0.0 |      19 |       0 |   0.0
       D:11 |    6220 |    1020 |  14.1 |      33 |       4 |  10.8
     Lair:1 |    6918 |       0 |   0.0 |      23 |       0 |   0.0
     Lair:2 |    4589 |    1516 |  24.8 |      21 |       5 |  19.2
    Ossuary |       0 |     312 | 100.0 |       0 |      37 | 100.0
            +---------+---------+-------+---------+---------+-------
